 Dungeon Crawl Stone Soup version 0.31-a0-175-g9f7f995f2b (webtiles) character file.

Game seed: 3628206205900327442

98 qw the Chopper (level 4, -3/28 HPs)
             Began as a Gargoyle Fighter on June 17, 2023.
             Slain by a gnoll
             ... wielding a +0 spear
             ... led by a gnoll sergeant
              (5 damage)
             ... on level 3 of the Dungeon.
             The game lasted 00:01:05 (1678 turns).

qw the Chopper (Gargoyle Fighter)                   Turns: 1678, Time: 00:01:05

Health: -3/28      AC: 10    Str: 21    XL:     4   Next: 71%
Magic:  4/4        EV:  9    Int:  9    God:
Gold:   167        SH:  5    Dex: 15    Spells: 3/3 levels left

rFire   . . .        Y - +0 war axe
rCold   . . .        c - +0 buckler
rNeg    + . .        b - +0 scale mail
rPois   inf          (no helmet)
rElec   +            (no cloak)
rCorr   .            (no gloves)
SInv    .            (no boots)
Will    .....        (no amulet) Stlth
                     i - +6 ring of dexterity
HPRegen 0.24/turn    (no ring)
MPRegen 0.09/turn

%: no passive effects
@: no status effects
A: sickness immunity, AC +3, negative energy resistance 1, electricity
resistance, torment resistance 1, petrification resistance
a: no special abilities


You were on level 3 of the Dungeon.
You visited 1 branch of the dungeon, and saw 3 of its levels.

You collected 167 gold pieces.


Innate Abilities, Weirdness & Mutations

You are immune to sickness and miasma.
Your stone body is resilient. (AC +3)
You are immune to poison.
You resist negative energy. (rN+)
You are resistant to electric shocks. (rElec)
You are resistant to unholy torment.
You are immune to petrification.


   Skills:
 - Level 3.2 Fighting
 + Level 4.1 Axes
 - Level 3.2 Armour
 - Level 1.0 Dodging
 - Level 3.2 Shields


You had 3 spell levels left.
You didn't know any spells.
Your spell library was empty.

Inventory:

Hand Weapons
 m - a +0 whip
 Y - a +0 war axe (weapon)
Armour
 b - a +0 scale mail (worn)
 c - a +0 buckler (worn)
Jewellery
 i - a +6 ring of dexterity (left hand)
Scrolls
 e - a scroll of enchant armour
 f - 2 scrolls of amnesia {unknown}
 j - 2 scrolls of identify
Potions
 a - a potion of enlightenment {unknown}
 d - 3 potions of might
 g - a potion of heal wounds {unknown}
 h - a potion of lignification
 k - a potion of brilliance {unknown}
 l - a potion of ambrosia {unknown}

Dungeon Overview and Level Annotations

Branches:
Dungeon (3/15)

Altars:
The Shining One

Annotations:
D:3 1 runed translucent door, qw's ghost, amateur GrHu


Message History

The endoplasm hits you.
You barely miss the endoplasm.
The endoplasm is severely wounded.
The endoplasm hits you.
You hit the endoplasm but do no damage.
The endoplasm is severely wounded.
The endoplasm freezes you.
You are frozen.
The endoplasm freezes you.
You are frozen.
You hit the endoplasm but do no damage.
The endoplasm is severely wounded.
The endoplasm freezes you.
You are frozen.
A gnoll sergeant comes into view. It is wielding a +0 trident.
The gnoll sergeant shouts!
You slash the endoplasm!
You kill the endoplasm!
You hear a shout! x2
1669 ||| Stepping ~*~*~tactically~*~*~ (hiding).
You start resting.
A gnoll sergeant is nearby!
A goblin comes into view. It is wielding a +0 dagger.
The goblin shouts!
The gnoll sergeant hits you with a +0 trident.
A gnoll comes into view. It is wielding a +0 halberd.
A gnoll comes into view. It is wielding a +0 spear.
The gnoll shouts!
You hit the gnoll sergeant but do no damage.
The gnoll sergeant barely misses you. You block the gnoll sergeant's attack.
You barely miss the gnoll sergeant.
The gnoll sergeant hits you with a +0 trident!
You slash the gnoll sergeant!
The gnoll sergeant is moderately wounded.
The gnoll sergeant hits you with a +0 trident!
You closely miss the gnoll sergeant.
The gnoll sergeant is moderately wounded.
The gnoll sergeant barely misses you.
The gnoll hits you from afar with a +0 spear.
You die...

######## ####
#......########### ...#
#................. ...#
#......###........ ...#
#......###@#######
...#####.##.....ggg.....
..................g.....
...#.........##...<..###
...#.........##.####.#
...#.........##.# .#
...#.........##. #
...#............
...#............


You could see a gnoll sergeant, 2 gnolls and a goblin.

Vanquished Creatures
  3 adders
  2 worms
  3 dart slugs
  6 ball pythons
  7 endoplasms
  3 giant cockroaches
  3 goblins
  9 hobgoblins
  6 quokkas
  3 frilled lizards (D:1)
  6 kobolds
  3 rats (D:2)
54 creatures vanquished.

Notes
Turn   | Place    | Note
-------+----------+-------------------------------------------
     0 | D:1      | qw the Gargoyle Fighter began the quest for the Orb.
     0 | D:1      | Reached XP level 1. HP: 14/14 MP: 1/1
     0 | D:1      | 0 ||| qw: Version: 0.3-a-2-g5ab2908
     0 | D:1      | 0 ||| qw: Game counter: 274
     0 | D:1      | 0 ||| qw: Always use a shield: true
     0 | D:1      | 0 ||| qw: God list: Okawaru
     0 | D:1      | 0 ||| qw: Allow faded altars: false
     0 | D:1      | 0 ||| qw: Do Orc after D:15 true
     0 | D:1      | 0 ||| qw: Do second Lair branch before Depths: true
     0 | D:1      | 0 ||| qw: Lair rune preference: random
     0 | D:1      | 0 ||| qw: Plans: Normal, Zot:1-4, Slime:5, God:TSO, Crypt,
                  | Tomb, Abyss, Pan, Hells, Win
     0 | D:1      | 0 ||| PLANNING D:1-11
    35 | D:1      | Reached skill level 2 in Axes
   132 | D:1      | Reached XP level 2. HP: 15/19 MP: 2/2
   248 | D:1      | 248 ||| FLEEEEING.
   249 | D:1      | 249 ||| FLEEEEING.
   250 | D:1      | 250 ||| FLEEEEING.
   251 | D:1      | 251 ||| FLEEEEING.
   252 | D:1      | 252 ||| FLEEEEING.
   438 | D:1      | Reached skill level 3 in Axes
   519 | D:1      | Reached XP level 3. HP: 23/23 MP: 3/3
   596 | D:1      | 596 ||| DROPPING +0 club.
   816 | D:1      | 816 ||| UPGRADING to +6 ring of dexterity.
   817 | D:1      | 817 ||| DROPPING ring of magical power.
   818 | D:1      | 818 ||| READING scroll labelled FOUMUM AFASCHEI.
   819 | D:1      | 819 ||| READING scroll labelled JENYBBIZXO.
   820 | D:1      | 820 ||| READING 2 scrolls labelled SIRALI OGEC.
   821 | D:1      | 821 ||| READING scroll labelled UXTOLI QODUG.
   822 | D:1      | 822 ||| DRINKING 2 glowing brown potions.
   947 | D:2      | 947 ||| Stepping ~*~*~tactically~*~*~ (stealth).
   983 | D:2      | Reached skill level 1 in Dodging
  1020 | D:2      | 1020 ||| Stepping ~*~*~tactically~*~*~ (hiding).
  1088 | D:2      | Reached XP level 4. HP: 28/28 MP: 4/4
  1107 | D:2      | Found a glowing golden altar of the Shining One.
  1287 | D:2      | 1287 ||| READING scroll labelled SAIZIUN FUATZ.
  1288 | D:2      | 1288 ||| READING scroll labelled COPENGU UMUJE.
  1292 | D:2      | 1292 ||| READING scroll labelled OMEQ KIKHUA.
  1347 | D:3      | Found a runed translucent door.
  1348 | D:3      | Noticed qw's ghost (amateur GrHu)
  1397 | D:3      | 1397 ||| Stepping ~*~*~tactically~*~*~ (stealth).
  1456 | D:3      | Reached skill level 4 in Axes
  1667 | D:3      | Noticed a gnoll sergeant
  1669 | D:3      | 1669 ||| Stepping ~*~*~tactically~*~*~ (hiding).
  1677 | D:3      | HP: 2/28 [gnoll sergeant/+0 trident (9)]
  1678 | D:3      | Slain by a gnoll

Levels and vault maps discovered:
D:1:      amcnicky_arrival_flooded_fountain, layout_basic
D:2:      layout_rooms, basic_altar
D:3:      layout_basic, gammafunk_ghost_grave, minivault_23

Skill      XL: |  1  2  3  4 |
---------------+-------------+-----
Axes           | 2 3 4 |  4.1
Dodging        | 1 |  1.0
Fighting       | |  3.2
Armour         | |  3.2
Shields        | |  3.2

Action                     |  1- 3 |  4- 6 || total
---------------------------+-------+-------++-------
  Melee: War axe           |   119 |    53 ||   172
    Use: Scroll            |     4 |     3 ||     7
         Potion            |     1 |       ||     1
 Armour: Scale mail        |    50 |    19 ||    69
  Dodge: Dodged            |    50 |    15 ||    65
  Block: Buckler           |    17 |    11 ||    28

Table legend:
 A = Non-vault XP
 B = Vault XP
 C = Vault XP percentage of total XP
 D = Non-vault monster count
 E = Vault monster count
 F = Vault count percentage of total count
                 A         B        C        D         E       F
            +---------+---------+-------+---------+---------+-------
      Total |     141 |       0 |   0.0 |      54 |       0 |   0.0
            +---------+---------+-------+---------+---------+-------
        D:1 |      45 |       0 |   0.0 |      25 |       0 |   0.0
        D:2 |      61 |       0 |   0.0 |      18 |       0 |   0.0
        D:3 |      35 |       0 |   0.0 |      11 |       0 |   0.0
            +---------+---------+-------+---------+---------+-------
